 Dungeon Crawl Stone Soup version 0.23.2-1-ga50397a (webtiles) character file.

Game seed: 14096833168273673546

151 xveg the Grave Robber (level 5, -4/36 HPs)
             Began as a Mummy Necromancer on May 8, 2019.
             Killed by divine providence
             ... invoked by an orc priest
              (13 damage)
             ... on level 4 of the Dungeon.
             The game lasted 00:11:26 (3238 turns).

xveg the Grave Robber (Mummy Necromancer)           Turns: 3238, Time: 00:11:26

Health: -4/36      AC:  4    Str: 12    XL:     5   Next: 11%
Magic:  1/10       EV: 11    Int: 15    God:
Gold:   202        SH:  0    Dex: 12    Spells: 2/11 levels left

rFire    x . .     SeeInvis +   r - +0 hunting sling (flame)
rCold    + . .     Gourm    .   (no shield)
rNeg     + + +     Faith    +   d - +0 leather armour
rPois    ∞         Spirit   .   (no helmet)
rElec    .         Reflect  .   (no cloak)
rCorr    +         Harm     .   p - +0 pair of gloves
MR       .....                  (no boots)
Stlth    +.........             f - amulet of faith
HPRegen  0.12/turn              l - ring of resist corrosion
MPRegen  0.12/turn              m - ring of see invisible

@: very slightly contaminated, slowed, very slow
A: no food or potions, fire vulnerability, cold resistance 1, negative energy
resistance 3, torment resistance, unbreathing
a: no special abilities


You were on level 4 of the Dungeon.
You were not hungry.

You visited 1 branch of the dungeon, and saw 4 of its levels.

You collected 202 gold pieces.

Inventory:

Hand Weapons
 h - a +0 club
 o - a +0 hunting sling
 r - a +0 hunting sling of flaming (weapon)
Missiles
 k - 7 silver javelins
 q - 74 stones (quivered)
Armour
 a - a +0 robe
 d - a +0 leather armour (worn)
 p - a +0 pair of gloves (worn)
Jewellery
 f - an amulet of faith (around neck)
 l - a ring of resist corrosion (left hand)
 m - a ring of see invisible (right hand)
 t - a cursed -3 ring of dexterity {unknown}
 u - an uncursed amulet of harm {unknown}
Scrolls
 b - a scroll of fear {unknown}
 c - a scroll of amnesia {unknown}
 e - 2 scrolls of teleportation {unknown}
 g - a scroll of enchant weapon {unknown}
 i - 3 scrolls of identify
 j - 2 scrolls of immolation {unknown}
 n - 3 scrolls of magic mapping {unknown}
 s - 2 scrolls of remove curse {unknown}


   Skills:
 + Level 0.5 Fighting
 + Level 1.3(1.4) Slings
 + Level 0.1(0.8) Throwing
 + Level 0.6 Armour
 - Level 1.5 Dodging
 - Level 1.5 Stealth
 * Level 3.9 Spellcasting
 * Level 5.2 Necromancy


You had 2 spell levels left.
You knew the following spells:

 Your Spells              Type           Power        Failure   Level  Hunger
a - Pain                  Necr           ###.         2%          1    N/A
b - Animate Skeleton      Necr           N/A          2%          1    N/A
c - Vampiric Draining     Necr           ###.......   8%          3    N/A
d - Animate Dead          Necr           N/A          26%         4    N/A

Your spell library contained the following spells:

 Spells                   Type           Power        Failure   Level  Hunger
 Regeneration             Chrm/Necr      Unusable     N/A         3    N/A

Dungeon Overview and Level Annotations

Branches:
Dungeon (4/15)
 Temple: D:4-7

Altars:
Dithmenos
Qazlal


Innate Abilities, Weirdness & Mutations

You do not eat or drink.
Your flesh is vulnerable to fire.
You are immune to poison.
Your flesh is cold resistant. (rC+)
You are immune to negative energy. (rN+++)
You are immune to unholy pain and torment.
You can survive without breathing.


Message History

Casting: Pain (safe; 2% risk of failure)
Confirm with . or Enter, or press ? or * to list all spells.
Aiming: Pain (safe; 2% risk of failure)
Press: ? - help, Shift-Dir - straight line, f/p - orc priest
Aim: an orc priest, wielding a +0 club (moderately wounded, chance to defeat MR: 78%)
The orc priest writhes in agony.
The orc priest hits you with a +0 club.
Your orc zombie barely misses the orc.
The orc hits your orc zombie with a +0 mace.
Your orc zombie is destroyed!
The orc barely misses you. The orc priest barely misses you.
Casting: Pain (safe; 2% risk of failure)
Confirm with . or Enter, or press ? or * to list all spells.
You don't have enough magic to cast that spell.
The orc barely misses you.
The orc priest invokes the aid of Beogh against you.
Beogh smites you!
* * * LOW HITPOINT WARNING * * *
The orc priest invokes the aid of Beogh against you.
Beogh smites you!
You die...

########.# #.. ... # #
.......#.# #.# #.#.#.# ###
###..##.#.###.###.#... # ((.
.................... # # #.#
#..#..#.#.#..##.######
......#..#...%#.#...[..)...#
#...#.#.......#.##....####.#
###.....###...#.####### #..
#...$..o..o@....... #.#
....###########.### ### .
..# #


You could see an orc priest and an orc.

Vanquished Creatures
  An orc wizard (D:4)
  4 adders
  2 oozes (D:2)
  2 dart slugs
  5 leopard geckos
  3 orcs
  A ball python (D:2)
  6 giant cockroaches
  5 goblins
  6 hobgoblins
  3 jackals (D:3)
  5 kobolds
  3 bats
  9 frilled lizards
  7 rats
62 creatures vanquished.

Vanquished Creatures (collateral kills)
  A ball python (D:3)
  A bat (D:1)
  A frilled lizard (D:1)
  A kobold (D:3)
4 creatures vanquished.

Grand Total: 66 creatures vanquished

Notes
Turn   | Place    | Note
-------+----------+-------------------------------------------
     0 | D:1      | xveg the Mummy Necromancer began the quest for the Orb.
     0 | D:1      | Reached XP level 1. HP: 13/13 MP: 4/4
   204 | D:1      | Reached XP level 2. HP: 17/19 MP: 0/5
   243 | D:1      | Learned a level 1 spell: Animate Skeleton
  1338 | D:2      | Reached XP level 3. HP: 24/24 MP: 7/7
  1400 | D:2      | Noticed an air elemental
  1402 | D:2      | Found a stormy altar of Qazlal.
  1403 | D:2      | Noticed a water elemental
  1403 | D:2      | Noticed a fire elemental
  1403 | D:2      | Noticed an earth elemental
  1444 | D:2      | Learned a level 3 spell: Vampiric Draining
  1865 | D:2      | Reached skill level 5 in Necromancy
  2087 | D:2      | Found a shadowy altar of Dithmenos.
  2166 | D:2      | Reached XP level 4. HP: 30/30 MP: 6/9
  2204 | D:2      | Learned a level 4 spell: Animate Dead
  2941 | D:3      | Reached skill level 1 in Slings
  3147 | D:4      | Reached XP level 5. HP: 9/36 MP: 10/10
  3238 | D:4      | Killed from afar by an orc priest

Skill      XL: |  1  2  3  4 |
---------------+-------------+-----
Spellcasting   | 3 |  3.9
Necromancy     | 5 |  5.2
Slings         | 1 |  1.3
Fighting       | |  0.5
Throwing       | |  0.1
Armour         | |  0.6
Dodging        | |  1.5
Stealth        | |  1.5

Action                   |  1- 3 |  4- 6 || total
-------------------------+-------+-------++-------
Melee: Unarmed           |    31 |       ||    31
 Fire: Hunting sling     |       |    80 ||    80
Throw: Javelin           |    27 |       ||    27
 Cast: Pain              |    55 |     6 ||    61
       Animate Skeleton  |    11 |       ||    11
       Animate Dead      |       |     5 ||     5
  Use: Scroll            |     1 |       ||     1
Armor: Robe              |     5 |       ||     5
       Leather armour    |     5 |     7 ||    12
Dodge: Dodged            |    34 |    32 ||    66
